 Dungeon Crawl Stone Soup version 0.17-a0-1115-g0372368 (webtiles) character file.

96052 Lugonue the Eclecticist (level 15, -11/78 HPs)
             Began as a Deep Elf Venom Mage on May 21, 2015.
             Was the Champion of Kikubaaqudgha.
             Mangled by Aizul (13 damage)
             ... on level 4 of the Spider Nest on May 22, 2015.
             The game lasted 03:37:17 (23556 turns).

Lugonue the Eclecticist (Deep Elf Venom Mage)      Turns: 23556, Time: 03:37:17

Health: -11/78     AC: 17    Str: 11    XL:     15   Next: 68%
Magic:  29/39      EV: 28    Int: 24    God:    Kikubaaqudgha [******]
Gold:   1273       SH:  0    Dex: 17    Spells: 11 memorised, 6 levels left

rFire  . . .     SeeInvis +     a - +10 spear of Calculation {pain, +Rage MR+}
rCold  + . .     Clarity  .     Z - +3 leather armour {rC+}
rNeg   . . .     SustAt   .     (no shield)
rPois  +         Gourm    .     z - +2 hat
rElec  .         Spirit   .     x - +2 cloak {rPois}
rCorr  .         Warding  .     v - +1 pair of gloves
rMut   .         Stasis   .     d - +2 pair of boots {Stlth+}
MR     ++...                    g - amulet of faith
Stlth  +++++.....               I - ring of Shaolin {EV+8}
                                s - ring of see invisible

@: mighty, lethally poisoned (-11 -> -16), exhausted, slowed, very slow, very
resistant to hostile enchantments, quite stealthy
A: no striking features
a: Receive Corpses, Torment, Renounce Religion, Evoke Berserk Rage


You were on level 4 of the Spider Nest.
You worshipped Kikubaaqudgha.
Kikubaaqudgha was exalted by your worship.
You were not hungry.

You visited 5 branches of the dungeon, and saw 28 of its levels.
You also visited: Sewer and Ice Cave.

You collected 2432 gold pieces.
You spent 1159 gold pieces at shops.

Inventory:

Hand weapons
 a - the +10 spear of Calculation (weapon) {pain, +Rage MR+}
   (You found it on level 4 of the Dungeon)

   In the hands of one skilled in necromantic magic, it inflicts extra damage on
   living creatures.
   It affects your resistance to hostile enchantments.
   It lets you go berserk.
 n - the +5 dagger of Tension {flame, rElec rPois}
   (You found it on level 8 of the Lair of Beasts)

   It has been specially enchanted to burn those struck by it, causing extra
   injury to most foes and up to half again as much damage against particularly
   susceptible opponents.
   It insulates you from electricity.
   It protects you from poison.
 K - the +7 falchion of Ixzitso {slice, Dex+7}
   (You bought it in a shop on level 4 of the Orcish Mines)

   It inflicts extra damage upon your enemies.
   It affects your dexterity (+7).
Armour
 d - a +2 pair of boots of stealth (worn)
 v - a +1 pair of gloves (worn)
 x - a +2 cloak of poison resistance (worn)
 z - a +2 hat (worn)
 P - the +2 buckler "Pyciuth" {-Tele rC+ Str+5}
   (You found it on level 4 of the Spider Nest)

   It affects your strength (+5).
   It protects you from cold.
   It prevents most forms of teleportation.
 Z - a +3 leather armour of cold resistance (worn)
Magical staves
 b - an uncursed staff of poison
 H - an uncursed staff of air
 R - an uncursed staff of wizardry
Jewellery
 g - an amulet of faith (around neck)
 l - an uncursed ring of protection from magic
 s - a ring of see invisible (left hand)
 G - an uncursed ring of wizardry
 I - the ring of Shaolin (right hand) {EV+8}
   (You found it on level 8 of the Lair of Beasts)

   [ring of evasion]

   It affects your evasion (+8).
 W - the amulet "Fiful" {Spirit +Fly rElec rF++ Str+2}
   (You found it on level 4 of the Spider Nest)

   [amulet of guardian spirit]

   It causes incoming damage to be split between your health and magic.
   It affects your strength (+2).
   It greatly protects you from fire.
   It insulates you from electricity.
   It lets you fly.
 X - an uncursed ring of sustain attributes
 Y - a cursed amulet of inaccuracy {unknown}
Magical devices
 f - a wand of draining (8)
 p - a wand of digging (14)
 u - a wand of confusion (25)
 D - a wand of disintegration (16)
 E - a wand of teleportation (5)
 O - a wand of teleportation (0)
Scrolls
 j - 8 scrolls of teleportation
 m - a scroll of fear
 q - 4 scrolls of amnesia
 A - 3 scrolls of remove curse
 M - 2 scrolls of magic mapping
 Q - 7 scrolls of identify
 S - 4 scrolls of enchant weapon
 U - 3 scrolls of fog
Potions
 e - 3 potions of curing
 h - a potion of mutation
 k - 3 potions of ambrosia
 o - 3 potions of flight
 C - a potion of poison {unknown}
 F - 2 potions of resistance
 T - 2 potions of brilliance
Books
 r - Kikubaaqudgha's Disquisition on Darkness
   (Kikubaaqudgha gifted it to you on level 9 of the Dungeon)

   Spells                             Type                      Level
   a - Animate Dead                   Necromancy                   4
   b - Agony                          Necromancy                   5
   c - Cigotuvi's Embrace             Necromancy                   5
   d - Dispel Undead                  Necromancy                   5
   e - Death Channel                  Necromancy                   6
 y - a book of Enchantments

   Spells                             Type                      Level
   a - Cause Fear                     Hexes                        4
   b - Silence                        Hexes/Air                    5
   c - Deflect Missiles               Charms/Air                   6
   d - Haste                          Charms                       6
   e - Discord                        Hexes                        8
 J - a book of Clouds

   Spells                             Type                      Level
   a - Mephitic Cloud                 Conjuration/Poison/Air       3
   b - Conjure Flame                  Conjuration/Fire             3
   c - Poisonous Cloud                Conjuration/Poison/Air       6
   d - Freezing Cloud                 Conjuration/Ice/Air          6
   e - Ring of Flames                 Charms/Fire                  7
 L - a book of Power

   Spells                             Type                      Level
   a - Fulminant Prism                Conjuration/Hexes            4
   b - Iskenderun's Mystic Blast      Conjuration                  4
   c - Venom Bolt                     Conjuration/Poison           5
   d - Bolt of Magma                  Conjuration/Fire/Earth       5
   e - Iron Shot                      Conjuration/Earth            6
   f - Orb of Destruction             Conjuration                  7
   g - Spellforged Servitor           Conjuration/Summoning        7
 N - a book of Envenomations

   Spells                             Type                      Level
   a - Spider Form                    Transmutation/Poison         3
   b - Alistair's Intoxication        Transmutation/Poison         4
   c - Olgreb's Toxic Radiance        Poison                       4
   d - Poisonous Cloud                Conjuration/Poison/Air       6
Comestibles
 c - 9 bread rations
 i - 8 meat rations


   Skills:
 - Level 3.6 Fighting
 + Level 6.0 Polearms
 - Level 0.2(4.9) Staves
 - Level 4.2 Armour
 - Level 12.0 Dodging
 - Level 7.4 Stealth
 - Level 4.1 Shields
 + Level 18.8 Spellcasting
 - Level 7.6 Conjurations
 + Level 15.5 Necromancy
 - Level 3.3 Air Magic
 - Level 10.4 Poison Magic


You had 6 spell levels left.
You knew the following spells:

 Your Spells              Type           Power        Failure   Level  Hunger
a - Agony                 Necr           #######.     1%          5    None
b - Cure Poison           Pois           ######....   1%          2    None
c - Mephitic Cloud        Conj/Pois/Air  ######..     1%          3    None
d - Olgreb's Toxic Radia  Pois           ######..     1%          4    None
e - Venom Bolt            Conj/Pois      ######....   1%          5    None
f - Vampiric Draining     Necr           #######...   0%          3    None
g - Control Undead        Necr           #######...   1%          4    None
h - Death Channel         Necr           #######...   1%          6    ###....
i - Sublimation of Blood  Necr           #######...   0%          2    None
j - Cigotuvi's Embrace    Necr           #######...   1%          5    None
k - Poisonous Cloud       Conj/Pois/Air  ######....   24%         6    ###....


Dungeon Overview and Level Annotations

Branches:
Dungeon (11/15)            Temple (1/1) D:5            Lair (8/8) D:10
 Shoals (0/4) Lair:5       Spider (4/4) Lair:6        Slime (0/6) Lair:7
    Orc (4/4) D:9             Elf (0/3) Orc:4

Altars:
Ashenzari
Cheibriados
Dithmenos
Elyvilon
Fedhas
Gozag
Kikubaaqudgha
Makhleb
Nemelex Xobeh
Okawaru
Qazlal
Ru
Sif Muna
Trog
Vehumet
Xom
Yredelemnul
Zin
The Shining One

Shops:
D:5 (   D:8 }   D:9 *   Orc:4 %(?(!

Annotations:
D:3 exclusion: oklob plant, Baka's ghost, average DEFE
D:4 HEYYEYAAE's ghost, average OpFi
Spider:4 Aizul; Mara


Message History

Here: Aizul (heavily wounded)
The floor.
Drink which item? (? for menu, Esc to quit)
You don't have any such object.
Drink which item? (? for menu, Esc to quit)
Okay, then.
Unknown command.
Drink which item? (? for menu, Esc to quit)
Okay, then.
Drink which item? (? for menu, Esc to quit)
You feel better. Aizul hits you.
* * * LOW HITPOINT WARNING * * *
Aizul coils himself and waves his upper body at you.
The poison arrow hits you!
You are poisoned.
You partially resist.
* * * LOW HITPOINT WARNING * * *
Aizul hits you!
You die...
Kikubaaqudgha rasps: "You have failed me!
Welcome... death!"

..##
####....####
#..# .^.#
###.#^...#
#... ..##
##........#
##.^ .##
#...#....##
##. ..#
#...##.### #..
.##
#...####^##
#.. ..#
##..###...##
### .##
#..^#....:.#
##
##..@S.#.^.#
##
###.^####....#
.# #### .^#..
##### ## .
.^..## .....##
#.....##
####...#
#.^.?##


You could see Aizul.

Vanquished Creatures
  Rupert (Lair:6)
  An orc warlord (Orc:3)
  Nessos (Lair:6)
  2 hydras
  Harold (Orc:1)
  Erica (D:10)
  12 death yaks
  The ghost of Baka the Arsonist, an experienced DEFE of Cheibriados (D:8)
  A hill giant (D:11)
  A lindwurm (Lair:5)
  3 hornets (Spider:4)
  7 orb spiders
  9 wolf spiders
  An oklob plant (Lair:5)
  5 elephants
  15 spiny frogs
  4 black mambas
  5 komodo dragons
  3 fire drakes
  12 jumping spiders
  2 two-headed ogres (Orc:4)
  18 blink frogs
  A wandering mushroom (Lair:7)
  A boulder beetle (Lair:4)
  7 trapdoor spiders
  10 redbacks
  Sigmund (D:6)
  A shadow (D:10)
  2 deep elf magi
  8 tarantellas
  A wyvern (D:11)
  A spriggan (Lair:2)
  3 wraiths (Lair:6)
  A vampire mosquito (Lair:7)
  42 yaks
  3 basilisks
  3 hippogriffs
  4 wolves (Lair:4)
  2 hungry ghosts (D:9)
  3 wargs
  18 water moccasins
  9 spiders
  9 orc warriors
  A black bear (D:10)
  13 ice beasts
  8 porcupines
  Purgy (Sewer)
  A wasp (Spider:4)
  6 necrophages
  2 sky beasts
  22 ogres
  3 phantoms
  6 centaurs
  11 crocodiles
  33 giant frogs
  A gnoll sergeant (D:11)
  5 scorpions
  6 killer bees
  2 wights (D:10)
  3 crimson imps
  2 centaur zombies
  2 giant frog zombies
  A quasit (D:10)
  A giant frog skeleton (D:5)
  Crazy Yiuf (D:6)
  5 hounds
  5 jellies
  12 orc priests
  3 centaur skeletons
  Jessica (D:3)
  13 orc wizards
  4 worker ants
  Natasha (twice) (D:4)
  7 iguanas
  13 sheep
  2 hound zombies
  3 hound skeletons
  3 adders
  12 gnolls
  2 shadow imps
  70 river rats
  2 white imps (D:4)
  2 oozes
  2 adder skeletons
  6 worms
  7 giant geckos
  73 orcs
  3 bat skeletons
  A bat zombie (D:7)
  14 goblins
  10 hobgoblins
  10 jackals
  3 quokkas
  A ball python (D:2)
  27 bats
  6 giant cockroaches
  A giant gecko zombie (D:6)
  3 giant newts
  A jackal skeleton (D:5)
  10 kobolds
  A quokka skeleton (D:4)
  10 rats
  A fungus (Lair:5)
718 creatures vanquished.

Vanquished Creatures (collateral kills)
  Norris (Spider:4)
  Arachne (Spider:3)
  3 ghost moths
  Josephine (Lair:6)
  A hydra (Lair:8)
  An ice dragon (Lair:7)
  An entropy weaver (Spider:3)
  4 ogre magi (Orc:4)
  4 lindwurms (Lair:8)
  An orc sorcerer (Orc:4)
  13 orb spiders
  2 hornets (Spider:2)
  6 wolf spiders
  11 elephants
  A moth of wrath (Spider:3)
  A black mamba (Lair:7)
  7 spiny frogs
  7 demonic crawlers
  12 jumping spiders
  A wandering mushroom (Lair:7)
  A troll (Orc:4)
  A polar bear (Lair:7)
  10 two-headed ogres (Orc:4)
  4 giant leeches (Lair:8)
  4 blink frogs (Lair:8)
  A boulder beetle (Spider:3)
  8 yaks
  9 trapdoor spiders
  11 tarantellas
  17 redbacks
  A hippogriff (Lair:7)
  7 vampire mosquitoes (Lair:8)
  17 spiders
  A warg (Orc:4)
  6 water moccasins
  2 porcupines (Lair:7)
  2 wasps
  3 orc warriors
  13 ogres (Orc:4)
  13 giant frogs
  2 crocodiles
  3 electric eels
  A wight (D:10)
  An orc priest (Orc:4)
  An orc wizard (Orc:4)
  9 sheep (Lair:8)
  5 river rats (Lair:6)
  A shadow imp (D:10)
  23 orcs
  A hobgoblin (Orc:2)
  5 fungi (Lair:8)
  6 plants
268 creatures vanquished.

Vanquished Creatures (others)
  A demonic crawler (Spider:2)
  A blink frog (Lair:8)
  A giant frog (Lair:8)
  A killer bee (D:11)
  10 fungi
  5 plants
  11 toadstools (D:3)
30 creatures vanquished.

Grand Total: 1016 creatures vanquished

Notes
Turn   | Place    | Note
--------------------------------------------------------------
     0 | D:1      | Lugonue the Deep Elf Venom Mage began the quest for the Orb.
     0 | D:1      | Reached XP level 1. HP: 10/10 MP: 6/6
   143 | D:1      | Reached XP level 2. HP: 15/15 MP: 2/8
   147 | D:1      | Learned a level 2 spell: Cure Poison
   886 | D:2      | Reached skill level 5 in Poison Magic
   922 | D:2      | Reached XP level 3. HP: 13/19 MP: 1/10
  1124 | D:2      | Found a shimmering altar of Xom.
  1157 | D:2      | Learned a level 3 spell: Mephitic Cloud
  1469 | D:3      | Noticed Baka's ghost (average DEFE)
  1506 | D:3      | Found a burning altar of Makhleb.
  1553 | D:3      | Found a shattered altar of Ashenzari.
  1921 | D:3      | Noticed Jessica
  1926 | D:3      | Killed Jessica
  1926 | D:3      | Reached XP level 4. HP: 24/24 MP: 6/11
  2058 | D:3      | Reached skill level 1 in Conjurations
  2172 | D:3      | Found a blossoming altar of Fedhas.
  2182 | D:3      | Noticed an oklob plant
  2426 | D:4      | Noticed Natasha
  2433 | D:4      | Killed Natasha
  2436 | D:4      | Got a fine spear
  2437 | D:4      | Identified the +10 spear of Calculation {pain, +Rage MR+} (You found it on level 4 of the Dungeon)
  2534 | D:4      | Found a glowing drain.
  2538 | Sewer    | Entered a sewer
  2592 | Sewer    | Noticed Purgy
  2605 | Sewer    | Killed Purgy
  2605 | Sewer    | Reached XP level 5. HP: 28/28 MP: 5/14
  3116 | D:4      | Noticed Natasha
  3120 | D:4      | Reached XP level 6. HP: 32/32 MP: 5/15
  3133 | D:4      | Killed Natasha
  3213 | D:4      | Noticed HEYYEYAAE's ghost (average OpFi)
  3283 | D:5      | Entered Level 5 of the Dungeon
  3283 | D:5      | Found Xususext's Weapon Emporium.
  3289 | D:5      | Reached skill level 6 in Poison Magic
  3382 | D:5      | Reached skill level 5 in Spellcasting
  3561 | D:5      | Reached XP level 7. HP: 37/37 MP: 16/16
  3563 | D:5      | Found a glowing golden altar of the Shining One.
  3735 | D:5      | Reached skill level 1 in Polearms
  3999 | D:5      | Found a staircase to the Ecumenical Temple.
  4006 | D:5      | Reached skill level 5 in Dodging
  4008 | Temple   | Entered the Ecumenical Temple
  4101 | Temple   | Became a worshipper of Kikubaaqudgha
  4146 | D:5      | Learned a level 4 spell: Olgreb's Toxic Radiance
  4152 | D:5      | Learned a level 5 spell: Venom Bolt
  4153 | D:6      | Noticed Sigmund
  4256 | D:6      | Reached skill level 1 in Fighting
  4586 | D:6      | Killed Sigmund
  4586 | D:6      | Reached XP level 8. HP: 40/43 MP: 8/19
  4666 | D:6      | Reached skill level 1 in Air Magic
  4821 | D:6      | Reached skill level 7 in Poison Magic
  4865 | D:6      | Noticed a deep elf mage
  4876 | D:6      | Killed a deep elf mage
  5052 | D:6      | Acquired Kikubaaqudgha's first power
  5052 | D:6      | Received a gift from Kikubaaqudgha
  5055 | D:6      | Identified Kikubaaqudgha's Papyrus of Evil (Kikubaaqudgha gifted it to you on level 6 of the Dungeon)
  5060 | D:6      | Learned a level 3 spell: Vampiric Draining
  5348 | D:6      | Noticed Crazy Yiuf
  5371 | D:6      | Killed Crazy Yiuf
  5485 | D:6      | Got a shimmering hammer
  5486 | D:6      | Identified the +9 hammer of Popular Demand {vamp, Int+2} (You found it on level 6 of the Dungeon)
  5554 | D:6      | Learned a level 4 spell: Control Undead
  5775 | D:7      | Reached XP level 9. HP: 48/48 MP: 1/22
  5776 | D:7      | Reached skill level 1 in Necromancy
  5778 | D:7      | Reached skill level 8 in Spellcasting
  5861 | D:7      | Learned a level 1 spell: Pain
  6004 | D:7      | Found an opulent altar of Gozag.
  6100 | D:7      | Acquired Kikubaaqudgha's second power
  6407 | D:7      | Found a stormy altar of Qazlal.
  6420 | D:7      | Found a snail-covered altar of Cheibriados.
  6427 | D:7      | Found a shadowy altar of Dithmenos.
  6536 | D:8      | Noticed Baka's ghost (experienced DEFE)
  6860 | D:8      | Reached skill level 5 in Conjurations
  6981 | D:8      | Killed Baka's ghost
  7307 | D:8      | Found Coimaj's Quality Used Wands.
  7525 | D:9      | Found Isulleh's Elemental Accessories.
  7649 | D:9      | Received a gift from Kikubaaqudgha
  7664 | D:9      | Reached skill level 9 in Dodging
  7664 | D:9      | Reached XP level 10. HP: 39/53 MP: 0/25
  7684 | D:9      | Reached skill level 5 in Stealth
  7702 | D:9      | Identified Kikubaaqudgha's Disquisition on Darkness (Kikubaaqudgha gifted it to you on level 9 of the Dungeon)
  7814 | D:9      | Learned a level 2 spell: Sublimation of Blood
  8116 | D:9      | Found a staircase to the Orcish Mines.
  8331 | D:9      | Reached skill level 5 in Necromancy
  8841 | D:10     | Entered Level 10 of the Dungeon
  8866 | D:10     | Found a staircase to the Lair.
  8866 | D:10     | Noticed an elephant
  8882 | D:10     | Killed an elephant
  9399 | D:10     | Acquired Kikubaaqudgha's third power
  9416 | D:10     | Noticed Erica
  9422 | D:10     | Killed Erica
  9635 | D:10     | Reached skill level 10 in Spellcasting
  9876 | D:10     | Reached skill level 10 in Dodging
 10206 | D:11     | Reached XP level 11. HP: 58/58 MP: 19/27
 10544 | D:11     | Noticed a hill giant
 10570 | D:11     | Killed a hill giant
 10658 | D:11     | Acquired Kikubaaqudgha's fourth power
 10911 | Lair:1   | Entered Level 1 of the Lair of Beasts
 11091 | Lair:1   | Reached skill level 11 in Dodging
 11936 | Lair:2   | Found a frozen archway.
 11950 | Lair:2   | Learned a level 5 spell: Cigotuvi's Embrace
 11951 | IceCv    | Entered an ice cave
 12107 | IceCv    | Noticed an ice statue
 12107 | IceCv    | Noticed an ice statue
 12214 | IceCv    | Noticed an ice statue
 13708 | Lair:3   | Reached XP level 12. HP: 60/64 MP: 6/29
 14084 | Lair:4   | Reached skill level 12 in Spellcasting
 14592 | Lair:4   | Learned a level 5 spell: Agony
 15190 | Lair:4   | Reached skill level 10 in Necromancy
 15472 | Lair:4   | Reached skill level 13 in Spellcasting
 16173 | Lair:5   | Found a staircase to the Shoals.
 16350 | Lair:5   | Reached XP level 13. HP: 59/69 MP: 10/32
 16354 | Lair:5   | Reached skill level 10 in Poison Magic
 16683 | Lair:5   | Learned a level 6 spell: Death Channel
 16747 | Lair:6   | Noticed Rupert
 16770 | Lair:6   | Killed Rupert
 16770 | Lair:6   | Reached skill level 14 in Spellcasting
 16954 | Lair:6   | Your ally Rupert died
 17222 | Lair:6   | Noticed Josephine
 17250 | Lair:6   | Upgraded the game from 0.17-a0-1105-gbe8b664 to 0.17-a0-1115-g0372368
 17370 | Lair:6   | Reached skill level 1 in Armour
 17411 | Lair:6   | Noticed Nessos
 17429 | Lair:6   | Killed Nessos
 17713 | Lair:6   | Found a hole to the Spider Nest.
 17779 | Lair:6   | Killed Josephine
 18042 | Lair:7   | Found a staircase to the Slime Pits.
 18602 | Lair:8   | Entered Level 8 of the Lair of Beasts
 18636 | Lair:8   | Reached skill level 15 in Spellcasting
 18650 | Lair:8   | Reached XP level 14. HP: 39/74 MP: 6/35
 19297 | Lair:8   | Got a twisted cloak
 19310 | Lair:8   | Reached skill level 5 in Polearms
 19380 | Lair:8   | Reached skill level 16 in Spellcasting
 19410 | Lair:8   | Got a brightly glowing dagger
 19411 | Lair:8   | Identified the +5 dagger of Tension {flame, rElec rPois} (You found it on level 8 of the Lair of Beasts)
 19712 | Orc:1    | Entered Level 1 of the Orcish Mines
 19722 | Orc:1    | Noticed Harold
 19727 | Orc:1    | Killed Harold
 19746 | Orc:1    | Found a burning altar of Makhleb.
 20063 | Orc:3    | Identified the +2 cloak of the Rabble {Dex+4} (You found it on level 8 of the Lair of Beasts)
 20148 | Orc:4    | Entered Level 4 of the Orcish Mines
 20148 | Orc:4    | Found a staircase to the Elven Halls.
 20192 | Orc:4    | Found Esiomor's Distillery.
 20244 | Orc:4    | Noticed an orc warlord
 20301 | Orc:3    | Killed an orc warlord
 20535 | Orc:4    | Found Debixzav's Weapon Emporium.
 20535 | Orc:4    | Found Wijadum's Antique Weapon Boutique.
 20536 | Orc:4    | Found Wuvvie's Magic Scroll Boutique.
 20536 | Orc:4    | Found Doerae's Food Shoppe.
 20836 | Orc:4    | Bought a scroll of fear for 38 gold pieces
 20836 | Orc:4    | Bought a scroll of fog for 22 gold pieces
 20836 | Orc:4    | Bought a scroll of fog for 22 gold pieces
 20836 | Orc:4    | Bought a scroll of enchant armour for 82 gold pieces
 20870 | Orc:4    | Bought 2 potions of heal wounds for 170 gold pieces
 20870 | Orc:4    | Bought a potion of curing for 51 gold pieces
 20870 | Orc:4    | Bought a potion of curing for 51 gold pieces
 20870 | Orc:4    | Bought 2 potions of curing for 102 gold pieces
 20995 | Orc:4    | Bought an ichor-stained falchion for 216 gold pieces
 20995 | Orc:4    | Bought an iridescent falchion for 216 gold pieces
 20995 | Orc:4    | Bought a slimy dagger for 189 gold pieces
 20995 | Orc:4    | Identified the cursed +3 falchion of a labyrinth {slice, rF+ Int+2} (You bought it in a shop on level 4 of the Orcish Mines)
 20997 | Orc:4    | Identified the +7 falchion of Ixzitso {slice, Dex+7} (You bought it in a shop on level 4 of the Orcish Mines)
 20998 | Orc:4    | Identified the cursed +0 dagger of Flawed Execution {drain, *Noise +Inv Int+6} (You bought it in a shop on level 4 of the Orcish Mines)
 21068 | Orc:1    | Your ally Harold died
 21121 | Lair:1   | Learned a level 6 spell: Poisonous Cloud
 21320 | Spider:1 | Entered Level 1 of the Spider Nest
 21331 | Spider:1 | Reached skill level 17 in Spellcasting
 21688 | Spider:2 | Killed a ghost moth
 21690 | Spider:2 | Reached XP level 15. HP: 49/78 MP: 21/38
 22212 | Spider:2 | Reached skill level 18 in Spellcasting
 22354 | Spider:3 | Reached skill level 15 in Necromancy
 22605 | Spider:3 | Noticed Arachne
 22625 | Spider:3 | Killed Arachne
 22774 | Spider:3 | Your ally Arachne died
 22892 | Spider:4 | Entered Level 4 of the Spider Nest
 22967 | Spider:4 | Got a jewelled buckler
 22973 | Spider:4 | Identified the +2 buckler "Pyciuth" {-Tele rC+ Str+5} (You found it on level 4 of the Spider Nest)
 22985 | Spider:4 | Reached skill level 1 in Shields
 23085 | Spider:4 | Noticed Norris
 23100 | Spider:4 | Killed Norris
 23231 | Spider:4 | Your ally Norris died
 23239 | Spider:4 | Noticed Aizul
 23252 | Spider:4 | Got a bound pewter amulet
 23254 | Spider:4 | Identified the amulet "Fiful" {Spirit +Fly rElec rF++ Str+2} (You found it on level 4 of the Spider Nest)
 23428 | Spider:4 | Noticed Mara
 23449 | Spider:4 | Noticed Lugonue's illusion
 23556 | Spider:4 | HP: 2/78 [Aizul/poison arrow (13)]
 23556 | Spider:4 | Mangled by Aizul

Vault maps used:
D:1:      dpeg_arrival_stonehenge_8_columns
D:2:      xom_teletrap_fun, minmay_tree_intersection
D:3:      lemuel_crystal_altar, ashenzari_altar_1, tgw_fedhas, uniq_jessica
D:4:      gup_sewer_entry_bowl, uniq_natasha
D:5:      temple_green, first_bread, serial_shops, nicolae_shop_stone,
          nicolae_tso_swordbearing_angel
D:6:      hangedman_cross_stitches, uniq_crazy_yiuf_cottage, uniq_sigmund
D:7:      minmay_overflow_temple_star_quad, basic_altar, grunt_ogre_cave
D:8:      old_forge, nicolae_for_you_no_charge
D:9:      david_orc_2, minmay_misc_feat_more_columns, minmay_misc_feat_x,
          nicolae_elemental_shop
D:10:     david_lair_generic, uniq_erica
Temple:   circular_temple_12
Lair:2:   portal_ice_cave_entry_pillars_01, grunt_forest_large_clearing_hut
Lair:3:   roderic_carrion_pond
Lair:4:   lemuel_fruit_tree, grunt_megastairs_2
Lair:5:   beast_lair_carwin_large_3, elwin_shoals_entry_rocks
Lair:6:   spider_nest_entry_rubble, uniq_nessos, uniq_josephine, uniq_rupert
Lair:7:   dragon1_lemuel, minmay_slime_entry_pillars, beast_lair_carwin_9,
          infiniplex_staircase_pool
Lair:8:   minmay_lair_end_frog_pond, minmay_lindwurm_lava
Spider:3: nicolae_orb_island, uniq_arachne
Spider:4: spider_rune_water, uniq_mara, uniq_aizul, uniq_norris
Orc:1:    basic_altar, nicolae_orc_pool_cavern, uniq_snorg, uniq_harold
Orc:4:    st_orc_ogre_mass, serial_shops, shop
Sewer:    sewer_big_baddie
IceCv:    ice_cave_statue_garden_02

Action                   |  1- 3 |  4- 6 |  7- 9 | 10-12 | 13-15 || total
-------------------------+-------+-------+-------+-------+-------++-------
Melee: Whip              |    34 |     3 |       |       |       ||    37
       Spear             |       |    80 |   221 |   544 |   644 ||  1489
       Short sword       |       |     1 |       |       |       ||     1
       Staff             |       |       |     4 |    57 |       ||    61
 Cast: Sting             |    87 |    38 |   106 |    58 |       ||   289
       Mephitic Cloud    |     1 |     9 |    32 |    79 |    70 ||   191
       Olgreb's Toxic Ra |       |       |     7 |    25 |    12 ||    44
       Cure Poison       |       |       |     3 |    27 |    18 ||    48
       Pain              |       |       |     8 |    16 |       ||    24
       Control Undead    |       |       |     3 |     5 |     4 ||    12
       Venom Bolt        |       |       |       |    49 |    33 ||    82
       Sublimation of Bl |       |       |       |    14 |     8 ||    22
       Cigotuvi's Embrac |       |       |       |    21 |    32 ||    53
       Vampiric Draining |       |       |       |     6 |     4 ||    10
       Agony             |       |       |       |    18 |    51 ||    69
       Death Channel     |       |       |       |       |    46 ||    46
       Poisonous Cloud   |       |       |       |       |     2 ||     2
Invok: Receive Corpses   |       |       |       |     1 |     3 ||     4
       Torment           |       |       |       |     1 |     1 ||     2
 Abil: Evoke Berserk Rag |       |     1 |     3 |     2 |     1 ||     7
Evoke: Wand              |       |       |       |       |     4 ||     4
  Use: Scroll            |     7 |     6 |     7 |    15 |    17 ||    52
       Potion            |       |       |     1 |     5 |    15 ||    21
 Stab: Sleeping          |       |     1 |     2 |     6 |     8 ||    17
       Confused          |       |     2 |     6 |    26 |    33 ||    67
       Distracted        |       |       |     1 |     1 |    10 ||    12
       Fleeing           |       |       |       |       |     1 ||     1
  Eat: Meat ration       |     1 |       |     1 |     1 |     1 ||     4
       Beef jerky        |     1 |       |       |     5 |     6 ||    12
       Chunk             |       |     2 |     8 |    13 |    16 ||    39
       Bread ration      |       |     1 |       |       |       ||     1
       Royal jelly       |       |       |     1 |     1 |       ||     2
       Fruit             |       |       |       |    11 |     9 ||    20
       Pizza             |       |       |       |     2 |       ||     2
